 Dungeon Crawl Stone Soup version 0.28.0-53-g5a82cb258f (webtiles) character file.

Game seed: 14615869284860757834

1297 cbfl8 the Cleaver (level 8, -6/71 HPs)
             Began as a Minotaur Berserker on July 11, 2022.
             Was a Believer of Trog.
             Succumbed to a water moccasin's poison
             ... on level 5 of the Dungeon.
             The game lasted 00:06:43 (5522 turns).

cbfl8 the Cleaver (Minotaur Berserker)              Turns: 5522, Time: 00:06:44

Health: -6/71      AC:  8    Str: 22    XL:     8   Next: 31%
Magic:  7/7        EV: 11    Int:  4    God:    Trog [**....]
Gold:   176        SH:  0    Dex: 12    Spells: 7/7 levels left

rFire   . . .      SeeInvis .   a - +0 hand axe
rCold   . . .      Faith    .   (no shield)
rNeg    . . .      Spirit   .   s - +0 scale mail
rPois   .          Reflect  .   (helmet restricted)
rElec   .          Harm     .   (no cloak)
rCorr   .          Rampage  .   o - +0 pair of gloves
Will    ++...                   (no boots)
Stlth   +.........              (no amulet)
HPRegen 1.21/turn               (no ring)
MPRegen 0.10/turn               (no ring)

@: lethally poisoned (-6 -> -27), strong-willed, regenerating
A: horns 2, retaliatory headbutt
a: Renounce Religion, Berserk, Trog's Hand


You were on level 5 of the Dungeon.
You worshipped Trog.
Trog was pleased with you.
You visited 2 branches of the dungeon, and saw 6 of its levels.

You collected 176 gold pieces.

Inventory:

Hand Weapons
 a - a +0 hand axe (weapon)
Missiles
 t - 40 arrows
Armour
 b - a +0 animal skin
 f - a +0 ring mail
 h - a +3 leather armour
 o - a +0 pair of gloves (worn)
 s - a +0 scale mail (worn)
Wands
 n - a wand of polymorph (8)
 p - a wand of digging (2)
 q - a wand of paralysis (11)
 r - a wand of acid (11)
Scrolls
 d - 5 scrolls of identify {unknown}
 e - a scroll of enchant weapon {unknown}
 j - a scroll of immolation {unknown}
 k - a scroll of amnesia {unknown}
 l - a scroll of acquirement {unknown}
 u - a scroll of enchant armour {unknown}
 v - a scroll of vulnerability {unknown}
Potions
 c - a potion of curing {unknown}
 g - 2 potions of heal wounds {unknown}
 i - a potion of lignification {unknown}
 m - a potion of degeneration {unknown}


   Skills:
 + Level 6.5 Fighting
 + Level 9.4 Axes
 + Level 4.5 Armour
 + Level 4.3 Dodging
 + Level 2.1 Stealth


You had 7 spell levels left.
You didn't know any spells.
Your spell library contained the following spells:

 Spells                   Type           Power      Damage    Failure   Level
 Ensorcelled Hibernation  Hex/Ice        0%         N/A       91%         2
 Passwall                 Tmut/Erth      0%         N/A       91%         2
 Swiftness                Air            0%         N/A       99%         3
 Cause Fear               Hex            0%         N/A       100%        4
 Conjure Ball Lightning   Conj/Air       0%         3x3d6     100%        6
 Dragon Form              Tmut           0%         N/A       100%        7
 Discord                  Hex            0%         N/A       100%        8
 Disjunction              Tloc           0%         N/A       100%        8
 Dragon's Call            Summ           0%         N/A       100%        9


Dungeon Overview and Level Annotations

Branches:
Dungeon (5/15)             Temple (1/1) D:4

Altars:
Ashenzari
Cheibriados
Dithmenos
Elyvilon
Fedhas
Gozag
Hepliaklqana
Kikubaaqudgha
Okawaru
Qazlal
Trog
Uskayaw
Wu Jian
Xom
Yredelemnul


Innate Abilities, Weirdness & Mutations

You have a pair of horns on your head.
You reflexively headbutt those who attack you in melee.


Message History

You feel very sick. The water moccasin bites you.
You are more poisoned.
The water moccasin poisons you!
You closely miss the water moccasin.
Your headbutt misses the water moccasin.
The water moccasin is severely wounded.
You feel very sick. The water moccasin bites you.
You are lethally poisoned!
The water moccasin poisons you!
You slash the water moccasin!
Your headbutt misses the water moccasin.
The water moccasin is almost dead.
You feel extremely sick. The water moccasin bites you!
You are more poisoned.
The water moccasin poisons you!
You closely miss the water moccasin.
The water moccasin is almost dead.
* * * LOW HITPOINT WARNING * * *
You feel extremely sick. The water moccasin barely misses you.
Unknown command.
You barely miss the water moccasin.
The water moccasin is almost dead.
* * * LOW HITPOINT WARNING * * *
You feel very sick. The water moccasin misses you.
The water moccasin bites you.
* * * LOW HITPOINT WARNING * * *
You are more poisoned.
The water moccasin poisons you!
You barely miss the water moccasin. You headbutt the water moccasin.
You kill the water moccasin!
Trog accepts your kill.
* * * LOW HITPOINT WARNING * * *
You feel extremely sick.
Your skin crawls.
You feel strong-willed.
You die...

##.......#............
....#.........#.....#.
....#.........##...##.
....#.........#.....#. .
#......#............
..###..#..###..#.......#
.......##.....###.....##
.......#.......#..###..#
.......@...........#....
.....#..#.....#.........
..# #..##...##.. ......
....# ....#.........
#.#... ........ #....
.....#. .....#..###..#
...... # ....###.....##
...#.$ #..#.......#
...........


There were no monsters in sight!

Vanquished Creatures
  Pikel (Temple)
  Grinder (D:4)
  A water moccasin (D:5)
  An ogre (D:5)
  3 lemures (Temple)
  A phantom (D:4)
  A howler monkey (D:4)
  A hound (D:5)
  2 orc priests
  An iguana (D:4)
  2 orc wizards
  Ijyb (D:4)
  6 adders
  A white imp (D:5)
  2 worms
  3 dart slugs (D:1)
  7 orcs
  8 bats
  8 endoplasms
  2 giant cockroaches
  6 goblins
  6 hobgoblins
  5 jackals
  4 quokkas
  3 ball pythons
  5 frilled lizards
  6 kobolds
  A quokka skeleton (D:4)
  4 rats
93 creatures vanquished.

Notes
Turn   | Place    | Note
-------+----------+-------------------------------------------
     0 | D:1      | cbfl8 the Minotaur Berserker began the quest for the Orb.
     0 | D:1      | Reached XP level 1. HP: 19/19 MP: 0/0
   340 | D:1      | Reached XP level 2. HP: 26/27 MP: 1/1
   413 | D:1      | Reached skill level 4 in Axes
   945 | D:1      | Reached XP level 3. HP: 33/33 MP: 2/2
  1300 | D:2      | Reached ** piety under Trog
  2319 | D:2      | Reached XP level 4. HP: 41/41 MP: 3/3
  2988 | D:3      | You fall into a shaft and drop 1 floor!
  2988 | D:4      | Noticed Pikel
  2988 | D:4      | Noticed a lemure
  2989 | D:4      | Noticed a lemure
  3007 | D:4      | Noticed a lemure
  3012 | D:4      | Noticed a lemure
  3033 | D:4      | Found a staircase to the Ecumenical Temple.
  3042 | Temple   | Entered the Ecumenical Temple
  3054 | Temple   | Killed a lemure
  3313 | Temple   | Killed a lemure
  3563 | Temple   | Killed a lemure
  3568 | Temple   | Killed Pikel
  3569 | Temple   | Reached skill level 5 in Fighting
  3569 | Temple   | Reached skill level 7 in Axes
  3569 | Temple   | Reached skill level 1 in Stealth
  3569 | Temple   | Reached XP level 5. HP: 40/48 MP: 4/4
  3569 | Temple   | Reached XP level 6. HP: 47/56 MP: 5/5
  3569 | Temple   | Reached XP level 7. HP: 51/61 MP: 6/6
  3947 | D:4      | Found a stormy altar of Qazlal.
  4404 | D:4      | Noticed Ijyb
  4419 | D:4      | Killed Ijyb
  4680 | D:4      | Noticed Grinder
  4683 | D:4      | Paralysed by Grinder for 4 turns
  4701 | D:4      | Killed Grinder
  4702 | D:4      | Reached skill level 8 in Axes
  5101 | D:5      | Entered Level 5 of the Dungeon
  5141 | D:5      | Reached XP level 8. HP: 62/70 MP: 7/7
  5207 | D:5      | Reached skill level 9 in Axes
  5521 | D:5      | HP: 1/71 [poisoned by a water moccasin]
  5522 | D:5      | Succumbed to a water moccasin's poison

Illustrated notes

Levels and vault maps discovered:
D:1:      dpeg_arrival_pits, layout_loops_ring, nicolae_wormholes
D:2:      kennysheep_six_static_rooms, layout_basic,
          corexii_item_surrounded_by_moat, kennysheep_pointless_box,
          corexii_item_surrounded_by_moat, grunt_ministairs_9,
          minmay_misc_feat_doors, grunt_decor_one_mirror,
          kennysheep_generic_room_15
D:3:      layout_basic, serial_shops, shop, uniq_sigmund
D:4:      layout_basic, nicolae_qazlal_eye_of_the_storm,
          minmay_temple_entry_grid, lightli_sewer_entry_pipes, uniq_pikel,
          uniq_grinder, uniq_ijyb
D:5:      nicolae_cairo_tiling_large_dashed, layout_cave_pools,
          grunt_temple_overflow_open
Temple:   eino_temple_lava

Skill      XL: |  1  2  3  4  5  6  7  8 |
---------------+-------------------------+-----
Axes           | 4 7 8 9 |  9.4
Fighting       | 4 5 6 |  6.5
Armour         | 3 4 |  4.5
Dodging        | 3 4 |  4.3
Stealth        | 1 2 |  2.1

Action                   |  1- 3 |  4- 6 |  7- 9 || total
-------------------------+-------+-------+-------++-------
Melee: Hand axe          |   100 |    37 |   120 ||   257
       Headbutt          |    14 |     3 |    20 ||    37
       Punch             |     1 |     3 |     2 ||     6
Invok: Berserk           |       |     2 |       ||     2
       Trog's Hand       |       |       |     1 ||     1
 Stab: Sleeping          |       |       |     1 ||     1
Armor: Animal skin       |    18 |       |       ||    18
       Ring mail         |    12 |       |       ||    12
       Leather armour    |    10 |    23 |    26 ||    59
       Scale mail        |       |       |    11 ||    11
Dodge: Dodged            |    60 |    37 |    65 ||   162
